 Dungeon Crawl Stone Soup version 0.24.0-10-g970556be89 (webtiles) character file.

Game seed: 18071122606799211520, levelgen mode: deterministic

1155 DavidChitty2 the Cleaver (level 8, -13/70 HPs)
             Began as a Minotaur Gladiator on Nov 4, 2019.
             Was an Initiate of Gozag.
             Mangled by an orc warrior
             ... wielding a +0 trident
              (16 damage)
             ... on level 7 of the Dungeon.
             The game lasted 00:06:12 (5841 turns).

DavidChitty2 the Cleaver (Minotaur Gladiator)       Turns: 5841, Time: 00:06:12

Health: -13/70     AC: 11    Str: 20    XL:     8   Next: 16%
Magic:  7/7        EV:  6    Int:  5    God:    Gozag
Gold:   869        SH:  9    Dex: 13    Spells: 7/7 levels left

rFire    . . .     SeeInvis .   a - +1 war axe
rCold    . . .     Gourm    .   r - +0 shield
rNeg     . . .     Faith    .   k - +0 chain mail
rPois    +         Spirit   .   c - +0 hat
rElec    .         Reflect  .   (no cloak)
rCorr    .         Harm     .   p - +0 pair of gloves
MR       .....                  (no boots)
Stlth    ..........             (no amulet)
HPRegen  0.21/turn              n - ring of poison resistance
MPRegen  0.10/turn              (no ring)

@: no status effects
A: retaliatory headbutt, horns 2
a: Potion Petition, Call Merchant, Bribe Branch, Renounce Religion


You were on level 7 of the Dungeon.
You worshipped Gozag.
Gozag was pleased with you.
You were not hungry.

You visited 1 branch of the dungeon, and saw 7 of its levels.

You collected 907 gold pieces.
You paid 38 gold pieces to Gozag.

Inventory:

Hand Weapons
 a - a +1 war axe (weapon)
Missiles
 d - 3 throwing nets (quivered) {!f}
Armour
 c - a +0 hat (worn)
 k - a +0 chain mail (worn)
   (You found it on level 1 of the Dungeon)
 p - a +0 pair of gloves (worn)
   (You found it on level 2 of the Dungeon)
 r - a +0 shield (worn)
   (You found it on level 5 of the Dungeon)
Jewellery
 n - a ring of poison resistance (left hand)
   (You found it on level 2 of the Dungeon)
Wands
 o - a wand of polymorph (3)
   (You found it on level 3 of the Dungeon)
Scrolls
 l - 5 scrolls of teleportation {@r4}
 q - 2 scrolls of remove curse {@r2}
 s - a scroll of blinking
Potions
 b - a potion of brilliance
 f - 3 potions of lignification {!q}
 g - a potion of heal wounds {@q2}
 h - a potion of flight {unknown}
 i - 5 potions of curing {unknown}
 j - 2 potions of haste {unknown}
 m - a potion of ambrosia
 u - a potion of mutation {unknown}
Comestibles
 e - 9 rations {!d}


   Skills:
 + Level 6.0 Fighting
 * Level 8.7 Axes
 - Level 2.0 Throwing
 + Level 5.3 Armour
 - Level 3.2 Dodging
 + Level 2.9 Shields


You had 7 spell levels left.
You didn't know any spells.
Your spell library was empty.

Dungeon Overview and Level Annotations

Branches:
Dungeon (7/15)
 Temple: D:4-7

Altars:
Gozag
Makhleb
Okawaru
Wu Jian
Zin
The Shining One


Innate Abilities, Weirdness & Mutations

You reflexively headbutt those who attack you in melee.
You have a pair of horns on your head.


Message History

The giant cockroach bites you but does no damage.
You hit the giant cockroach but do no damage.
The giant cockroach barely misses you.
You closely miss the giant cockroach.
You headbutt the giant cockroach, but do no damage.
The giant cockroach bites you but does no damage.
You block the giant cockroach's attack.
Your chain mail prevents you from hitting the giant cockroach.
You headbutt the giant cockroach, but do no damage.
The orc warrior is no longer distracted by gold.
The orc warrior hits you from afar with a +0 trident!!
The giant cockroach closely misses you.
You slash the giant cockroach!
You kill the giant cockroach!
The orc warrior becomes distracted by the nearby gold, dreaming of imaginary riches.
Things that are here:
12 gold pieces; a +0 dagger; a +0 robe You closely miss the orc warrior.
The orc warrior is no longer distracted by gold.
The orc warrior shouts!
Your headbutt misses the orc warrior.
The orc warrior hits you with a +0 trident.
* * * LOW HITPOINT WARNING * * *
You hit the orc warrior. You headbutt the orc warrior!
You block the orc warrior's attack.
The orc warrior hits you with a +0 trident!
* * * LOW HITPOINT WARNING * * *
You closely miss the orc warrior. You headbutt the orc warrior!
You block the orc warrior's attack.
You hit the orc warrior but do no damage.
You headbutt the orc warrior, but do no damage.
The orc warrior hits you with a +0 trident.
* * * LOW HITPOINT WARNING * * *
You closely miss the orc warrior. Your headbutt misses the orc warrior.
The orc warrior hits you but does no damage.
You hit the orc warrior. Your headbutt misses the orc warrior.
The orc warrior hits you with a +0 trident!
* * * LOW HITPOINT WARNING * * *
You feel much better.
The orc warrior hits you with a +0 trident!
* * * LOW HITPOINT WARNING * * *
You hit the orc warrior but do no damage.
The orc warrior hits you but does no damage.
You hit the orc warrior but do no damage.
The orc warrior hits you with a +0 trident!
* * * LOW HITPOINT WARNING * * *
You hit the orc warrior. Your headbutt misses the orc warrior.
The orc warrior hits you with a +0 trident!
You die...
Your body crumbles into a pile of gold.

#. #.... ..#.###
#.#.#<# ## #.#.#.#
#.. #.#.#.# # $
.#...#.#.#.#.#...
.......$..........
#....o@...#.#.#..
.......$...#.#
..#........# #
#......).#
####.#.#.# $
#.#.#.# ......#
####...#


You could see an orc warrior.

Vanquished Creatures
  A steam dragon (D:6)
  A phantom (D:6)
  2 ogres (D:5)
  2 bullfrogs (D:6)
  A scorpion (D:5)
  A crimson imp (D:6)
  A centaur zombie (D:6)
  2 hounds
  2 orc wizards (D:7)
  2 centaur skeletons (D:4)
  An iguana (D:4)
  4 worker ants
  A killer bee zombie (D:6)
  A hound skeleton (D:5)
  A worker ant zombie (D:5)
  5 adders
  A shadow imp (D:5)
  2 oozes
  An adder skeleton (D:6)
  4 worms
  5 dart slugs
  8 leopard geckos
  7 orcs
  2 ball pythons
  8 giant cockroaches
  9 goblins
  7 hobgoblins
  5 jackals
  4 quokkas
  9 bats
  9 frilled lizards
  4 kobolds
  6 rats
119 creatures vanquished.

Notes
Turn   | Place    | Note
-------+----------+-------------------------------------------
     0 | D:1      | DavidChitty2 the Minotaur Gladiator began the quest for the
                  | Orb.
     0 | D:1      | Reached XP level 1. HP: 18/18 MP: 0/0
   240 | D:1      | Reached skill level 4 in Axes
   319 | D:1      | Reached XP level 2. HP: 25/25 MP: 1/1
   367 | D:1      | Reached skill level 1 in Armour
  1212 | D:2      | Found an opulent altar of Gozag.
  1221 | D:2      | Became a worshipper of Gozag Ym Sagoz the Greedy
  1289 | D:2      | Reached XP level 3. HP: 30/30 MP: 2/2
  1321 | D:2      | Found a glowing golden altar of the Shining One.
  1796 | D:3      | Reached skill level 5 in Axes
  1796 | D:3      | Reached XP level 4. HP: 32/38 MP: 3/3
  1909 | D:3      | Reached XP level 5. HP: 17/46 MP: 4/4
  2515 | D:3      | Found an ornate altar of the Wu Jian Council.
  2611 | D:4      | Reached skill level 6 in Axes
  2771 | D:4      | Reached XP level 6. HP: 50/52 MP: 5/5
  3467 | D:5      | Entered Level 5 of the Dungeon
  3523 | D:5      | Reached skill level 7 in Axes
  3888 | D:5      | Found a glowing silver altar of Zin.
  3906 | D:5      | Reached XP level 7. HP: 58/60 MP: 6/6
  3945 | D:5      | Reached skill level 5 in Fighting
  3971 | D:5      | Reached skill level 1 in Shields
  3989 | D:5      | Found an iron altar of Okawaru.
  4576 | D:6      | Noticed a steam dragon
  4853 | D:6      | Killed a steam dragon
  4853 | D:6      | Reached skill level 8 in Axes
  5183 | D:6      | Found a burning altar of Makhleb.
  5349 | D:6      | Reached skill level 5 in Armour
  5485 | D:6      | Reached XP level 8. HP: 66/70 MP: 7/7
  5840 | D:7      | HP: 2/70 [orc warrior/+0 trident (17)]
  5841 | D:7      | Mangled by an orc warrior

Levels and vault maps discovered:
D:1:      lightli_arrival_isolated_outpost, layout_basic, serial_glass,
          glass_columns_b, glass_columns_b
D:2:      layout_basic, old_standard_altar, old_standard_altar
D:3:      layout_rooms, lemuel_coloured_pillars_altar, first_ration
D:4:      layout_layer_cave, grunt_decor_resistance
D:5:      layout_loops_ring, kennysheep_okawaru_gauntlet, zin_academy,
          kennysheep_small_circle
D:6:      layout_loops_corners, bloody_makhleb
D:7:      layout_basic, kennysheep_mini, temple_pool_b, serial_shops, shop,
          elyvilon_altar_4

Skill      XL: |  1  2  3  4  5  6  7  8 |
---------------+-------------------------+-----
Axes           | 4 5 6 7 8 |  8.7
Armour         | 1 2 3 4 5 |  5.3
Fighting       | 3 4 5 6 |  6.0
Shields        | 2 |  2.9
Throwing       | |  2.0
Dodging        | |  3.2

Action                   |  1- 3 |  4- 6 |  7- 9 || total
-------------------------+-------+-------+-------++-------
Melee: War axe           |    89 |   133 |    88 ||   310
       Headbutt          |    11 |    33 |    22 ||    66
  Use: Scroll            |       |     9 |     3 ||    12
       Potion            |       |       |     3 ||     3
 Stab: Distracted        |     1 |       |       ||     1
  Eat: Ration            |     1 |     2 |     2 ||     5
Armor: Leather armour    |    15 |       |       ||    15
       Chain mail        |    33 |    84 |    47 ||   164
Dodge: Dodged            |    56 |    65 |    29 ||   150
Block: Shield            |       |       |    34 ||    34
